ITL
CAPE COD CLAMS @ OTSEGO BULLDOGS
05/22/2026
 
TOP OF THE 1ST
Cape Cod Clams batting - Pitching for Otsego Bulldogs : RHP Dave Smith
Pitching: RHP Dave Smith
Batting: RHB Ángel Garza 0-0: Ball
1-0: Foul Ball, location: 2F
1-1: Swinging Strike
1-2: Ball
2-2: SINGLE (Groundball, 56D) (infield hit)
Batting: RHB Yasuhiro Kobayashi 0-0: Ball
1-0: Fly out, F9 (Flyball, 9M)
Batting: LHB José Rivas 0-0: Ball
1-0: Ball
Wild Pitch!
Ángel Garza to second
2-0: Called Strike
2-1: Foul Ball, location: 2F
2-2: Foul Ball, location: 2F
2-2: Strikes out swinging
Batting: LHB Manny Quiñones 0-0: Foul Ball, location: 2F
0-1: Ball
1-1: Ball
2-1: Ground out 4-3 (Groundball, 4S)
Top of the 1st over - 0 run(s), 1 hit(s), 0 error(s), 1 left on base; Cape Cod 0 - Otsego 0
BOTTOM OF THE 1ST
Otsego Bulldogs batting - Pitching for Cape Cod Clams : LHP António Coronado
Pitching: LHP António Coronado
Batting: LHB Mario Cornelo 0-0: Ground out 3-1 (Groundball, 3)
Batting: RHB Jim Beck 0-0: Ground out 6-3 (Groundball, 6)
Batting: RHB Felipe Rego 0-0: Ball
1-0: Ball
2-0: Swinging Strike
2-1: SINGLE (Line Drive, 56D)
Batting: RHB Luis Antonio Velásquez 0-0: Ball
1-0: Swinging Strike
1-1: SINGLE (Line Drive, 4M)
Felipe Rego to second
Batting: RHB Kyung-bok Cho 0-0: Ball
1-0: Fly out, F9 (Flyball, 89D)
Bottom of the 1st over - 0 run(s), 2 hit(s), 0 error(s), 2 left on base; Cape Cod 0 - Otsego 0
TOP OF THE 2ND
Cape Cod Clams batting - Pitching for Otsego Bulldogs : RHP Dave Smith
Batting: RHB Héctor Jiménez 0-0: Called Strike
0-1: Swinging Strike
0-2: Strikes out swinging
Batting: SHB Andrés Díaz 0-0: Called Strike
0-1: Foul Ball, location: 2F
0-2: Foul Ball, location: 2F
0-2: Ball
1-2: Ball
2-2: Strikes out swinging
Batting: RHB Ramón Morales 0-0: Called Strike
0-1: Swinging Strike
0-2: Strikes out looking
Top of the 2nd over - 0 run(s), 0 hit(s), 0 error(s), 0 left on base; Cape Cod 0 - Otsego 0
BOTTOM OF THE 2ND
Otsego Bulldogs batting - Pitching for Cape Cod Clams : LHP António Coronado
Batting: RHB Luis Maldonado 0-0: Called Strike
0-1: Swinging Strike
0-2: Ball
1-2: Ball
2-2: SINGLE (Flyball, 8RS) - OUT at second base trying to stretch hit.
Batting: RHB José Martínez 0-0: Ball
1-0: Swinging Strike
1-1: SINGLE (Line Drive, 8RS)
Batting: LHB Gino Canio 0-0: Ball
1-0: Ball
2-0: Foul Ball, location: 2F
2-1: Foul Ball, location: 2F
2-2: 2-RUN HOME RUN (Flyball, 78XD), Distance : 414 ft
Batting: RHB Raúl Bauza 0-0: Called Strike
0-1: Called Strike
0-2: Ball
1-2: Foul Ball, location: 2F
1-2: Fly out, F2 (Popup, 2RF)
Batting: LHB Mario Cornelo 0-0: Ball
1-0: Foul Ball, location: 2F
1-1: Ball
2-1: Called Strike
2-2: Ground out 6-3 (Groundball, 6)
Bottom of the 2nd over - 2 run(s), 3 hit(s), 0 error(s), 0 left on base; Cape Cod 0 - Otsego 2
TOP OF THE 3RD
Cape Cod Clams batting - Pitching for Otsego Bulldogs : RHP Dave Smith
Batting: RHB Víctor Solano 0-0: Called Strike
0-1: Foul Ball, location: 2F
0-2: Foul Ball, location: 2F
0-2: Ball
1-2: Strikes out looking
Batting: RHB António Ramos 0-0: Ball
1-0: Called Strike
1-1: Swinging Strike
1-2: Foul Ball, location: 2F
1-2: Ball
2-2: Foul Ball, location: 2F
2-2: Strikes out swinging
Batting: RHB Ángel Garza 0-0: Foul Ball, location: 2F
0-1: Ball
1-1: Ball
2-1: Ground out 5-3 (Groundball, 5)
Top of the 3rd over - 0 run(s), 0 hit(s), 0 error(s), 0 left on base; Cape Cod 0 - Otsego 2
BOTTOM OF THE 3RD
Otsego Bulldogs batting - Pitching for Cape Cod Clams : LHP António Coronado
Batting: RHB Jim Beck 0-0: Ball
1-0: Called Strike
1-1: Ball
2-1: Ball
3-1: Foul Ball, location: 2F
3-2: DOUBLE (Line Drive, 78XD)
Batting: RHB Felipe Rego 0-0: Ball
1-0: Called Strike
1-1: Ball
2-1: Ball
3-1: Foul Ball, location: 2F
3-2: 2-RUN HOME RUN (Flyball, 7D), Distance : 386 ft
Batting: RHB Luis Antonio Velásquez 0-0: Ball
1-0: Ground out 6-3 (Groundball, 6)
Batting: RHB Kyung-bok Cho 0-0: Foul Ball, location: 2F
0-1: Ball
1-1: Called Strike
1-2: Ball
2-2: Strikes out swinging
Batting: RHB Luis Maldonado 0-0: Called Strike
0-1: Ball
1-1: Foul Ball, location: 2F
1-2: Ball
2-2: Foul Ball, location: 2F
2-2: Ball
3-2: Strikes out swinging
Bottom of the 3rd over - 2 run(s), 2 hit(s), 0 error(s), 0 left on base; Cape Cod 0 - Otsego 4
TOP OF THE 4TH
Cape Cod Clams batting - Pitching for Otsego Bulldogs : RHP Dave Smith
Batting: RHB Yasuhiro Kobayashi 0-0: Called Strike
0-1: Foul Ball, location: 2F
0-2: Ball
1-2: Foul Ball, location: 2F
1-2: Strikes out swinging
Batting: LHB José Rivas 0-0: Called Strike
0-1: Ball
1-1: Ball
2-1: Fly out, F7 (Popup, 6MD)
Batting: LHB Manny Quiñones 0-0: Ball
1-0: Ball
2-0: Ground out 4-3 (Groundball, 4)
Top of the 4th over - 0 run(s), 0 hit(s), 0 error(s), 0 left on base; Cape Cod 0 - Otsego 4
BOTTOM OF THE 4TH
Otsego Bulldogs batting - Pitching for Cape Cod Clams : LHP António Coronado
Batting: RHB José Martínez 0-0: Fly out, F6 (Popup, 6S)
Batting: LHB Gino Canio 0-0: Ball
1-0: Ball
2-0: Ground out 6-3 (Groundball, 6)
Batting: RHB Raúl Bauza 0-0: Ball
1-0: Ball
2-0: Foul Ball, location: 2F
2-1: Ball
3-1: Called Strike
3-2: TRIPLE (Flyball, 89D)
Batting: LHB Mario Cornelo 0-0: Ball
1-0: Ground out 3-1 (Groundball, 3)
Bottom of the 4th over - 0 run(s), 1 hit(s), 0 error(s), 1 left on base; Cape Cod 0 - Otsego 4
TOP OF THE 5TH
Cape Cod Clams batting - Pitching for Otsego Bulldogs : RHP Dave Smith
Batting: RHB Héctor Jiménez 0-0: Called Strike
0-1: Swinging Strike
0-2: Ball
1-2: Foul Ball, location: 2F
1-2: Strikes out swinging
Batting: SHB Andrés Díaz 0-0: Foul Ball, location: 2F
0-1: Foul Ball, location: 2F
0-2: Foul Ball, location: 2F
0-2: Ball
1-2: Ball
2-2: Foul Ball, location: 2F
2-2: Ball
3-2: Fly out, F8 (Flyball, 8LD)
Batting: RHB Ramón Morales 0-0: Called Strike
0-1: Called Strike
0-2: Fly out, F3 (Line Drive, 34)
Top of the 5th over - 0 run(s), 0 hit(s), 0 error(s), 0 left on base; Cape Cod 0 - Otsego 4
BOTTOM OF THE 5TH
Otsego Bulldogs batting - Pitching for Cape Cod Clams : LHP António Coronado
Batting: RHB Jim Beck 0-0: Ball
1-0: Foul Ball, location: 2F
1-1: Ball
2-1: Ground out 4-3 (Groundball, 4)
Batting: RHB Felipe Rego 0-0: Foul Ball, location: 2F
0-1: Ball
1-1: Ball
2-1: Ball
3-1: Base on Balls
Batting: RHB Luis Antonio Velásquez 0-0: Called Strike
0-1: Foul Ball, location: 2F
0-2: Ball
1-2: Fielders Choice at 2nd, 5-4 (Groundball, 5L)
Batting: RHB Kyung-bok Cho 0-0: Ball
1-0: SINGLE (Line Drive, 89S)
Luis Antonio Velásquez to second
Batting: RHB Luis Maldonado 0-0: Fly out, F9 (Flyball, 9D)
Bottom of the 5th over - 0 run(s), 1 hit(s), 0 error(s), 2 left on base; Cape Cod 0 - Otsego 4
TOP OF THE 6TH
Cape Cod Clams batting - Pitching for Otsego Bulldogs : RHP Dave Smith
Batting: RHB Víctor Solano 0-0: Swinging Strike
0-1: Called Strike
0-2: Strikes out swinging
Batting: RHB António Ramos 0-0: Fly out, F8 (Flyball, 8LM)
Batting: RHB Ángel Garza 0-0: Called Strike
0-1: Foul Ball, location: 2F
0-2: Strikes out swinging
Top of the 6th over - 0 run(s), 0 hit(s), 0 error(s), 0 left on base; Cape Cod 0 - Otsego 4
BOTTOM OF THE 6TH
Otsego Bulldogs batting - Pitching for Cape Cod Clams : LHP António Coronado
Pitching: RHP Claudio Rivera
Batting: RHB José Martínez 0-0: Foul Ball, location: 2F
0-1: Ball
1-1: Foul Ball, location: 2F
1-2: DOUBLE (Flyball, 89D)
Batting: LHB Gino Canio 0-0: Called Strike
0-1: Ball
1-1: Called Strike
1-2: Ball
2-2: Ball
3-2: Foul Ball, location: 2F
3-2: Base on Balls
Batting: RHB Raúl Bauza 0-0: Called Strike
0-1: Ball
1-1: Foul Ball, location: 2F
1-2: Ball
2-2: Ball
3-2: Foul Ball, location: 2F
3-2: SINGLE (Line Drive, 56)
José Martínez to third
Gino Canio to second
Batting: LHB Mario Cornelo 0-0: Ball
1-0: Foul Ball, location: 2F
1-1: Foul Ball, location: 2F
1-2: Foul Ball, location: 2F
1-2: Strikes out looking
Batting: RHB Jim Beck 0-0: Foul Ball, location: 2F
0-1: SINGLE (Groundball, 56)
José Martínez scores
Gino Canio to third
Raúl Bauza to second
Runner from 3rd tries for Home, SAFE, no throw or cutoff
Batting: RHB Felipe Rego 0-0: Called Strike
0-1: Ball
1-1: Foul Ball, location: 2F
1-2: Ball
2-2: Fly out, F4 (Popup, 4S)
Batting: RHB Luis Antonio Velásquez 0-0: Foul Ball, location: 2F
0-1: Ball
1-1: Called Strike
1-2: Strikes out swinging
Bottom of the 6th over - 2 run(s), 3 hit(s), 0 error(s), 2 left on base; Cape Cod 0 - Otsego 6
TOP OF THE 7TH
Cape Cod Clams batting - Pitching for Otsego Bulldogs : RHP Dave Smith
Batting: RHB Yasuhiro Kobayashi 0-0: Ball
1-0: Ball
2-0: Foul Ball, location: 2F
2-1: Ground out 3-1 (Groundball, 34S)
Batting: LHB José Rivas 0-0: Foul Ball, location: 2F
0-1: Foul Ball, location: 2F
0-2: Strikes out swinging
Batting: LHB Manny Quiñones 0-0: Foul Ball, location: 2F
0-1: Ground out 6-3 (Groundball, 6)
Top of the 7th over - 0 run(s), 0 hit(s), 0 error(s), 0 left on base; Cape Cod 0 - Otsego 6
BOTTOM OF THE 7TH
Otsego Bulldogs batting - Pitching for Cape Cod Clams : RHP Claudio Rivera
Batting: RHB Kyung-bok Cho 0-0: Fly out, F7 (Flyball, 7M)
Batting: RHB Luis Maldonado 0-0: Swinging Strike
0-1: Ball
1-1: Ball
2-1: Ball
3-1: Base on Balls
Batting: RHB José Martínez 0-0: Swinging Strike
0-1: Grounds into double play, 3-6-3 (Groundball, 34)
Bottom of the 7th over - 0 run(s), 0 hit(s), 0 error(s), 0 left on base; Cape Cod 0 - Otsego 6
TOP OF THE 8TH
Cape Cod Clams batting - Pitching for Otsego Bulldogs : RHP Dave Smith
Pitching: LHP Bob Quested
Batting: RHB Héctor Jiménez 0-0: Ball
1-0: Ground out 4-3 (Groundball, 4)
Batting: SHB Andrés Díaz 0-0: Ball
1-0: Fly out, F4 (Popup, 4D)
Batting: RHB Ramón Morales 0-0: Ball
1-0: Foul Ball, location: 2F
1-1: Foul Ball, location: 2F
1-2: SOLO HOME RUN (Line Drive, 7LD), Distance : 365 ft
Batting: RHB Víctor Solano 0-0: Ball
1-0: Ball
2-0: Called Strike
2-1: Ball
3-1: Ground out 6-3 (Groundball, 6M)
Top of the 8th over - 1 run(s), 1 hit(s), 0 error(s), 0 left on base; Cape Cod 1 - Otsego 6
BOTTOM OF THE 8TH
Otsego Bulldogs batting - Pitching for Cape Cod Clams : RHP Claudio Rivera
Pitching: RHP Grant Jackson
Batting: LHB Gino Canio 0-0: Foul Ball, location: 2F
0-1: Ball
1-1: Ball
2-1: Foul Ball, location: 2F
2-2: Foul Ball, location: 2F
2-2: Ball
3-2: Base on Balls
Batting: RHB Raúl Bauza 0-0: Ball
1-0: Grounds into double play, 6-4-3 (Groundball, 6)
Batting: LHB Mario Cornelo 0-0: Ball
1-0: Called Strike
1-1: DOUBLE (Flyball, 7LS)
Batting: RHB Jim Beck 0-0: Ball
1-0: Fly out, F8 (Popup, 8RS)
Bottom of the 8th over - 0 run(s), 1 hit(s), 0 error(s), 1 left on base; Cape Cod 1 - Otsego 6
TOP OF THE 9TH
Cape Cod Clams batting - Pitching for Otsego Bulldogs : LHP Bob Quested
Now in CF: Martin Davis
Batting: RHB António Ramos 0-0: Ball
1-0: Foul Ball, location: 2F
1-1: DOUBLE (Flyball, 9LM)
Batting: RHB Ángel Garza 0-0: Fly out, F3 (Line Drive, 3)
0-0: Fly out, F3 (Line Drive, 3)
Batting: RHB Yasuhiro Kobayashi 0-0: Ground out 6-3 (Groundball, 6M)
António Ramos to third
Batting: LHB José Rivas 0-0: Called Strike
0-1: Ball
1-1: Ball
2-1: Foul Ball, location: 2F
2-2: Foul Ball, location: 2F
2-2: Ball
3-2: Base on Balls
Batting: LHB Manny Quiñones 0-0: Ball
1-0: Called Strike
1-1: Foul Ball, location: 2F
1-2: Fielders Choice at 2nd, U6 (Groundball, 6M)
Top of the 9th over - 0 run(s), 1 hit(s), 0 error(s), 2 left on base; Cape Cod 1 - Otsego 6
Monday, December 5th, 2016 - OOTP Baseball 17.12 Build 75